TOP OF THE 1ST |
Jackson HS Swamp Bats batting - Pitching for Dublin Jerome HS Celtics : RHP Bill Howard
|
Pitching: RHP Bill Howard
|
|
Batting: LHB Chris French
|
0-0: Called Strike 0-1: Ball 1-1: Ball 2-1: Ball 3-1: Base on Balls
|
Batting: LHB Kyle Russell
|
0-0: Ball 1-0: Called Strike 1-1: Swinging Strike 1-2: SINGLE (Groundball, 34) (infield hit) Chris French to second
|
Batting: RHB Rob Mitchell
|
0-0: Ball 1-0: Ball 2-0: Ball 3-0: Base on Balls Chris French to third Kyle Russell to second
|
Batting: RHB Albert Buck
|
0-0: Fly out, F9 (Flyball, 89S) Runner from 3rd tags up, SCORES, no throw
|
Batting: RHB Jeremy Gibbs
|
0-0: Ball 1-0: Ball 2-0: Ball 3-0: Base on Balls Kyle Russell to third Rob Mitchell to second
|
Batting: RHB Domingo Rosário
|
0-0: Ball 1-0: Ball 2-0: Ball 3-0: Called Strike 3-1: Swinging Strike 3-2: Strikes out swinging
|
Batting: RHB Jonathan Smith
|
0-0: Called Strike 0-1: Foul Ball, location: 2F 0-2: Fielders Choice at 2nd, 5-4 (Groundball, 5)
|
Top of the 1st over - 1 run, 1 hit, 0 errors, 3 left on base; Jackson HS 1 - Dublin Jerome HS 0 |
BOTTOM OF THE 1ST |
Dublin Jerome HS Celtics batting - Pitching for Jackson HS Swamp Bats : LHP Manuel Ríos
|
Pitching: LHP Manuel Ríos
|
|
Batting: LHB David O'Neal
|
0-0: Ball 1-0: Foul Ball, location: 2F 1-1: SINGLE (Flyball, 7LS)
|
Batting: LHB Ned Lee
|
0-0: Ball 1-0: Called Strike 1-1: Called Strike 1-2: Foul Ball, location: 2F 1-2: Foul Ball, location: 2F 1-2: SINGLE (Line Drive, 9S) David O'Neal to second
|
Batting: SHB Peter Young
|
0-0: Called Strike 0-1: Ball 1-1: Called Strike David O'Neal steals 3rd base 1-2: Ball 2-2: Fly out, F8 (Line Drive, 8LM) Runner from 3rd tags up, SCORES, no throw
|
Batting: RHB Ed Albert
|
0-0: Called Strike 0-1: Ground out 3-1 (Groundball, 34S) Ned Lee to second
|
Batting: RHB Richard Bryant
|
0-0: Ball 1-0: Swinging Strike 1-1: Fly out, F8 (Flyball, 8RD)
|
Bottom of the 1st over - 1 run, 2 hits, 0 errors, 1 left on base; Jackson HS 1 - Dublin Jerome HS 1 |
TOP OF THE 2ND |
Jackson HS Swamp Bats batting - Pitching for Dublin Jerome HS Celtics : RHP Bill Howard
|
Batting: SHB William Martínez
|
0-0: SINGLE (Groundball, 4MD)
|
Batting: LHB Harry McAndrew
|
0-0: Called Strike 0-1: Foul Ball, location: 2F 0-2: Foul Ball, location: 2F 0-2: Foul Ball, location: 2F 0-2: Strikes out swinging
|
Batting: LHB Chris French
|
0-0: SINGLE (Flyball, 6MD) William Martínez to second
|
Batting: LHB Kyle Russell
|
0-0: SINGLE (Groundball, 4D) William Martínez to third Chris French to second
|
Batting: RHB Rob Mitchell
|
0-0: Ball 1-0: Called Strike 1-1: Ball 2-1: Foul Ball, location: 2F 2-2: GRAND SLAM HOME RUN (Flyball, 7D), Distance : 394 ft
|
Batting: RHB Albert Buck
|
0-0: Ball 1-0: Ground out 6-3 (Groundball, 6)
|
Batting: RHB Jeremy Gibbs
|
0-0: Called Strike 0-1: Ball 1-1: Swinging Strike 1-2: SINGLE (Line Drive, 4M)
|
Batting: RHB Domingo Rosário
|
0-0: Ball 1-0: Ball 2-0: Ball 3-0: Base on Balls Jeremy Gibbs to second
|
Batting: RHB Jonathan Smith
|
0-0: DOUBLE (Groundball, 5L) Jeremy Gibbs scores Domingo Rosário to third Runner from 3rd tries for Home, SAFE, no throw
|
Batting: SHB William Martínez
|
0-0: Ball 1-0: Foul Ball, location: 2F 1-1: SINGLE (Groundball, 6MD) Jonathan Smith to third Runner from 3rd tries for Home, SAFE, no throw
|
Batting: LHB Harry McAndrew
|
0-0: Called Strike 0-1: Foul Ball, location: 2F 0-2: Ball 1-2: Strikes out swinging
|
Top of the 2nd over - 7 runs, 7 hits, 0 errors, 1 left on base; Jackson HS 8 - Dublin Jerome HS 1 |
BOTTOM OF THE 2ND |
Dublin Jerome HS Celtics batting - Pitching for Jackson HS Swamp Bats : LHP Manuel Ríos
|
Batting: RHB Lyndon Armstrong
|
0-0: Ball 1-0: Swinging Strike 1-1: SINGLE (Groundball, 6MD)
|
Batting: SHB Wilson Cantú
|
0-0: Ball 1-0: Ball 2-0: Ball 3-0: Called Strike 3-1: Base on Balls Lyndon Armstrong to second
|
Batting: LHB Ramón Costello
|
0-0: Foul Ball, location: 2F 0-1: Swinging Strike 0-2: Strikes out swinging
|
Batting: LHB Fred Anderson
|
0-0: Called Strike 0-1: SINGLE (Groundball, 25) (infield hit) Lyndon Armstrong to third Wilson Cantú to second
|
Batting: LHB David O'Neal
|
0-0: Called Strike 0-1: Fly out, F7 (Line Drive, 7) Runner from 3rd tags up, SCORES, no throw
|
Batting: LHB Ned Lee
|
0-0: Foul Ball, location: 2F 0-1: Ball 1-1: Ground out 4-3 (Groundball, 4)
|
Bottom of the 2nd over - 1 run, 2 hits, 0 errors, 2 left on base; Jackson HS 8 - Dublin Jerome HS 2 |
TOP OF THE 3RD |
Jackson HS Swamp Bats batting - Pitching for Dublin Jerome HS Celtics : RHP Bill Howard
|
Batting: LHB Chris French
|
0-0: Ball 1-0: Ball 2-0: Called Strike 2-1: Foul Ball, location: 2F 2-2: Foul Ball, location: 2F 2-2: Fly out, F7 (Flyball, 78M)
|
Batting: LHB Kyle Russell
|
0-0: Ball 1-0: Foul Ball, location: 2F 1-1: Called Strike 1-2: Ground out 4-3 (Groundball, 4)
|
Batting: RHB Rob Mitchell
|
0-0: Ball 1-0: Ball 2-0: Ground out 4-3 (Groundball, 4)
|
Top of the 3rd over - 0 runs, 0 hits, 0 errors, 0 left on base; Jackson HS 8 - Dublin Jerome HS 2 |
BOTTOM OF THE 3RD |
Dublin Jerome HS Celtics batting - Pitching for Jackson HS Swamp Bats : LHP Manuel Ríos
|
Batting: SHB Peter Young
|
0-0: Ball 1-0: Ball 2-0: Foul Ball, location: 2F 2-1: Fly out, F7 (Line Drive, 7D)
|
Batting: RHB Ed Albert
|
0-0: SINGLE (Flyball, 7LS)
|
Batting: RHB Richard Bryant
|
0-0: Ball 1-0: Swinging Strike 1-1: Called Strike 1-2: Fly out, F7 (Flyball, 78M)
|
Batting: RHB Lyndon Armstrong
|
0-0: Foul Ball, location: 2F 0-1: Foul Ball, location: 2F 0-2: Fielders Choice at 2nd, 6-4 (Groundball, 6)
|
Bottom of the 3rd over - 0 runs, 1 hit, 0 errors, 1 left on base; Jackson HS 8 - Dublin Jerome HS 2 |
TOP OF THE 4TH |
Jackson HS Swamp Bats batting - Pitching for Dublin Jerome HS Celtics : RHP Bill Howard
|
Batting: RHB Albert Buck
|
0-0: DOUBLE (Line Drive, 7LS)
|
Batting: RHB Jeremy Gibbs
|
0-0: Ball 1-0: Called Strike 1-1: Called Strike 1-2: Ball 2-2: Ball 3-2: Strikes out swinging
|
Batting: RHB Domingo Rosário
|
0-0: Ball 1-0: SINGLE (Groundball, 56D) Albert Buck to third Runner from 3rd tries for Home, SAFE, no throw
|
Pitching: RHP Gary Townsend
|
|
Batting: RHB Jonathan Smith
|
0-0: Fly out, F7 (Flyball, 7S)
|
Batting: SHB William Martínez
|
0-0: Called Strike 0-1: Called Strike 0-2: Ball 1-2: Strikes out swinging
|
Top of the 4th over - 1 run, 2 hits, 0 errors, 1 left on base; Jackson HS 9 - Dublin Jerome HS 2 |
BOTTOM OF THE 4TH |
Dublin Jerome HS Celtics batting - Pitching for Jackson HS Swamp Bats : LHP Manuel Ríos
|
Batting: SHB Wilson Cantú
|
0-0: Called Strike 0-1: Called Strike 0-2: Ball 1-2: Strikes out swinging
|
Batting: LHB Ramón Costello
|
0-0: Ball 1-0: Ball 2-0: Ball 3-0: Base on Balls
|
Batting: LHB Fred Anderson
|
0-0: Ball 1-0: Ball 2-0: Called Strike 2-1: SINGLE (Groundball, 23) (infield hit) Ramón Costello to second
|
Batting: LHB David O'Neal
|
0-0: Swinging Strike 0-1: Ball 1-1: Ball 2-1: Foul Ball, location: 2F 2-2: Foul Ball, location: 2F 2-2: Foul Ball, location: 2F 2-2: Foul Ball, location: 2F 2-2: Foul Ball, location: 2F 2-2: Strikes out swinging
|
Batting: LHB Ned Lee
|
0-0: Ball 1-0: Foul Ball, location: 2F 1-1: Ball 2-1: DOUBLE (Line Drive, 9LM) Ramón Costello scores Fred Anderson to third Runner from 3rd tries for Home, SAFE, no throw
|
Batting: SHB Peter Young
|
0-0: Called Strike 0-1: Ball 1-1: SINGLE (Flyball, 8RS) Ned Lee to third Runner from 3rd tries for Home, SAFE, no throw
|
Batting: RHB Ed Albert
|
0-0: Called Strike 0-1: Foul Ball, location: 2F 0-2: Foul Ball, location: 2F 0-2: Ball 1-2: Ball 2-2: Ball 3-2: Base on Balls Peter Young to second
|
Pitching: RHP Tony Robertson
|
|
Batting: RHB Richard Bryant
|
0-0: Ball 1-0: Swinging Strike 1-1: Called Strike 1-2: Foul Ball, location: 2F 1-2: Strikes out swinging
|
Bottom of the 4th over - 3 runs, 3 hits, 0 errors, 2 left on base; Jackson HS 9 - Dublin Jerome HS 5 |
TOP OF THE 5TH |
Jackson HS Swamp Bats batting - Pitching for Dublin Jerome HS Celtics : RHP Gary Townsend
|
Batting: LHB Harry McAndrew
|
0-0: SINGLE (Line Drive, 7LS)
|
Batting: LHB Chris French
|
0-0: Ball 1-0: Ball 2-0: Called Strike 2-1: Foul Ball, location: 2F 2-2: Foul Ball, location: 2F 2-2: Fielders Choice at 2nd, 1-6 (Groundball, P)
|
Batting: LHB Kyle Russell
|
0-0: Called Strike 0-1: Ball 1-1: Foul Ball, location: 2F 1-2: Ball 2-2: Ball 3-2: Strikes out swinging
|
Batting: RHB Rob Mitchell
|
0-0: Ball 1-0: Ball 2-0: Swinging Strike 2-1: Called Strike 2-2: SINGLE (Groundball, 25) (infield hit) Chris French to second
|
Batting: RHB Albert Buck
|
0-0: Called Strike 0-1: Ball 1-1: Called Strike 1-2: Ball 2-2: Ball 3-2: Foul Ball, location: 2F 3-2: SINGLE (Flyball, 9LS) Chris French to third Rob Mitchell to second Chris French scores Rob Mitchell to third
|
Batting: RHB Jeremy Gibbs
|
0-0: Ball 1-0: Ball 2-0: Ball 3-0: Base on Balls Albert Buck to second
|
Batting: RHB Domingo Rosário
|
0-0: Ball 1-0: Ball 2-0: Called Strike 2-1: Foul Ball, location: 2F 2-2: DOUBLE (Flyball, 89D) Rob Mitchell scores Albert Buck scores Jeremy Gibbs to third
|
Batting: RHB Jonathan Smith
|
0-0: Ball 1-0: Ground out 5-3 (Groundball, 5S)
|
Top of the 5th over - 3 runs, 4 hits, 0 errors, 2 left on base; Jackson HS 12 - Dublin Jerome HS 5 |
BOTTOM OF THE 5TH |
Dublin Jerome HS Celtics batting - Pitching for Jackson HS Swamp Bats : RHP Don Doss
|
Pitching: RHP Don Doss
|
|
Batting: RHB Lyndon Armstrong
|
0-0: Ball 1-0: Ground out 5-3 (Groundball, 56S)
|
Pitching: LHP John Harris
|
|
Batting: SHB Wilson Cantú
|
0-0: Called Strike 0-1: Called Strike 0-2: Strikes out swinging
|
Batting: LHB Ramón Costello
|
0-0: Called Strike 0-1: Ball 1-1: Foul Ball, location: 2F 1-2: Foul Ball, location: 2F 1-2: Fly out, F9 (Flyball, 9S)
|
Bottom of the 5th over - 0 runs, 0 hits, 0 errors, 0 left on base; Jackson HS 12 - Dublin Jerome HS 5 |
TOP OF THE 6TH |
Jackson HS Swamp Bats batting - Pitching for Dublin Jerome HS Celtics : RHP Gary Townsend
|
Batting: SHB William Martínez
|
0-0: Called Strike 0-1: Swinging Strike 0-2: Ball 1-2: Ball 2-2: Ball 3-2: Foul Ball, location: 2F 3-2: Strikes out looking
|
Batting: LHB Harry McAndrew
|
0-0: Foul Ball, location: 2F 0-1: Ball 1-1: Swinging Strike 1-2: Strikes out swinging
|
Batting: LHB Chris French
|
0-0: Ball 1-0: Ground out 4-3 (Groundball, 4)
|
Top of the 6th over - 0 runs, 0 hits, 0 errors, 0 left on base; Jackson HS 12 - Dublin Jerome HS 5 |
BOTTOM OF THE 6TH |
Dublin Jerome HS Celtics batting - Pitching for Jackson HS Swamp Bats : LHP John Harris
|
Batting: LHB Fred Anderson
|
0-0: Ball 1-0: Swinging Strike 1-1: Ball 2-1: Ground out 4-3 (Groundball, 34D)
|
Batting: LHB David O'Neal
|
0-0: Called Strike 0-1: Foul Ball, location: 2F 0-2: Ball 1-2: DOUBLE (Groundball, 3L)
|
Batting: LHB Ned Lee
|
0-0: Foul Ball, location: 2F 0-1: Ball 1-1: Ground out 4-3 (Groundball, 4) David O'Neal to third
|
Batting: SHB Peter Young
|
0-0: Ball 1-0: Foul Ball, location: 2F 1-1: Foul Ball, location: 2F 1-2: Fly out, F5 (Popup, 56)
|
Bottom of the 6th over - 0 runs, 1 hit, 0 errors, 1 left on base; Jackson HS 12 - Dublin Jerome HS 5 |
TOP OF THE 7TH |
Jackson HS Swamp Bats batting - Pitching for Dublin Jerome HS Celtics : RHP Gary Townsend
|
Batting: LHB Kyle Russell
|
0-0: Called Strike 0-1: SINGLE (Groundball, 56D)
|
Batting: RHB Rob Mitchell
|
0-0: Swinging Strike 0-1: Ball Kyle Russell is caught stealing 2nd base 1-1: Fly out, F4 (Flyball, 4D)
|
Batting: RHB Albert Buck
|
0-0: Called Strike 0-1: Ball 1-1: Ball 2-1: Foul Ball, location: 2F 2-2: Ball 3-2: Base on Balls
|
Batting: RHB Jeremy Gibbs
|
0-0: Ball Albert Buck steals 2nd base 1-0: Ball 2-0: Ball 3-0: Called Strike 3-1: Foul Ball, location: 2F 3-2: Ground out 4-3 (Groundball, 4M)
|
Top of the 7th over - 0 runs, 1 hit, 0 errors, 1 left on base; Jackson HS 12 - Dublin Jerome HS 5 |
BOTTOM OF THE 7TH |
Dublin Jerome HS Celtics batting - Pitching for Jackson HS Swamp Bats : LHP John Harris
|
Batting: RHB Ed Albert
|
0-0: Foul Ball, location: 2F 0-1: Called Strike 0-2: Ball 1-2: Ground out 5-3 (Groundball, 56)
|
Pitching: RHP Rich Ingram
|
|
Batting: RHB Richard Bryant
|
0-0: Foul Ball, location: 2F 0-1: Ball 1-1: Swinging Strike 1-2: Foul Ball, location: 2F 1-2: Ball 2-2: Foul Ball, location: 2F 2-2: Ball 3-2: Foul Ball, location: 2F 3-2: SINGLE (Line Drive, 3)
|
Pitching: RHP Jim Reeves
|
|
Batting: RHB Lyndon Armstrong
|
0-0: Ball 1-0: Foul Ball, location: 2F 1-1: Ball 2-1: Called Strike 2-2: Strikes out swinging
|
Pitching: RHP Howell Jones
|
|
Batting: SHB Wilson Cantú
|
0-0: Ball 1-0: Called Strike 1-1: Foul Ball, location: 2F 1-2: Ball 2-2: SINGLE (Groundball, 3D) Richard Bryant to second Runner from 2nd tries for 3rd, SAFE, no throw
|
Batting: LHB Ramón Costello
|
0-0: Ball 1-0: Ground out 5-3 (Groundball, 56)
|
Bottom of the 7th over - 0 runs, 2 hits, 0 errors, 2 left on base; Jackson HS 12 - Dublin Jerome HS 5 |
TOP OF THE 8TH |
Jackson HS Swamp Bats batting - Pitching for Dublin Jerome HS Celtics : RHP Gary Townsend
|
Pitching: RHP Nick Buckley
|
|
Batting: RHB Domingo Rosário
|
0-0: Ball 1-0: Fly out, F9 (Flyball, 9S)
|
Batting: RHB Jonathan Smith
|
0-0: Fly out, F7 (Flyball, 7LSF)
|
Batting: SHB William Martínez
|
0-0: Ball 1-0: Called Strike 1-1: Swinging Strike 1-2: Strikes out looking
|
Top of the 8th over - 0 runs, 0 hits, 0 errors, 0 left on base; Jackson HS 12 - Dublin Jerome HS 5 |
BOTTOM OF THE 8TH |
Dublin Jerome HS Celtics batting - Pitching for Jackson HS Swamp Bats : RHP Howell Jones
|
Batting: LHB Fred Anderson
|
0-0: Called Strike 0-1: Ball 1-1: Fly out, F7 (Flyball, 7D)
|
Batting: LHB David O'Neal
|
0-0: Ball 1-0: Ball 2-0: Ball 3-0: Called Strike 3-1: Ground out 5-3 (Groundball, 56)
|
Batting: LHB Ned Lee
|
0-0: Foul Ball, location: 2F 0-1: Foul Ball, location: 2F 0-2: Fly out, F8 (Flyball, 8RXD)
|
Bottom of the 8th over - 0 runs, 0 hits, 0 errors, 0 left on base; Jackson HS 12 - Dublin Jerome HS 5 |
TOP OF THE 9TH |
Jackson HS Swamp Bats batting - Pitching for Dublin Jerome HS Celtics : RHP Nick Buckley
|
Batting: LHB Harry McAndrew
|
0-0: Fly out, F7 (Line Drive, 7)
|
Batting: LHB Chris French
|
0-0: Ground out 5-3 (Groundball, 56)
|
Batting: LHB Kyle Russell
|
0-0: Foul Ball, location: 2F 0-1: Ball 1-1: Ball 2-1: Swinging Strike 2-2: Strikes out swinging
|
Top of the 9th over - 0 runs, 0 hits, 0 errors, 0 left on base; Jackson HS 12 - Dublin Jerome HS 5 |
BOTTOM OF THE 9TH |
Dublin Jerome HS Celtics batting - Pitching for Jackson HS Swamp Bats : RHP Howell Jones
|
Batting: SHB Peter Young
|
0-0: Called Strike 0-1: Ball 1-1: Ball 2-1: Ball 3-1: Called Strike 3-2: Foul Ball, location: 2F 3-2: Fly out, F9 (Line Drive, 9)
|
Batting: RHB Ed Albert
|
0-0: Called Strike 0-1: Ball 1-1: Foul Ball, location: 2F 1-2: Ball 2-2: Ball 3-2: Foul Ball, location: 2F 3-2: Base on Balls
|
Batting: RHB Richard Bryant
|
0-0: Ball 1-0: Foul Ball, location: 2F 1-1: SINGLE (Groundball, 56D) Ed Albert to second
|
Batting: RHB Lyndon Armstrong
|
0-0: Called Strike 0-1: Fly out, F7 (Line Drive, 78D)
|
Batting: SHB Wilson Cantú
|
0-0: Ball 1-0: Foul Ball, location: 2F 1-1: SINGLE (Groundball, 34D) Ed Albert to third Richard Bryant to second
|
Batting: LHB Ramón Costello
|
0-0: Ball 1-0: Fly out, F5 (Popup, 5)
|
Bottom of the 9th over - 0 runs, 2 hits, 0 errors, 3 left on base; Jackson HS 12 - Dublin Jerome HS 5 |
|